 Dungeon Crawl Stone Soup version 0.31-a0-145-g046c7d2549 (webtiles) character file.

Game seed: 14991026017368940740

1 mopl the Vexing (level 1, 0/13 HPs)
             Began as an Octopode Hexslinger on June 5, 2023.
             Slain by a frilled lizard (3 damage)
             ... on level 1 of the Dungeon.
             The game lasted 00:00:25 (28 turns).

mopl the Vexing (Octopode Hexslinger)                 Turns: 28, Time: 00:00:26

Health: 0/13       AC:  1    Str:  7    XL:     1   Next: 20%
Magic:  0/2        EV: 13    Int: 15    God:
Gold:   0          SH:  0    Dex: 14    Spells: 1/2 levels left

rFire   . . .        a - +1 sling
rCold   . . .        (no shield)
rNeg    . . .        (helmet restricted)
rPois   .            (no amulet)
rElec   .            (no ring)
rCorr   .            (no ring)
SInv    .            (no ring)
Will    .....        (no ring)
Stlth   ++           (no ring)
HPRegen 0.22/turn    (no ring)
MPRegen 0.08/turn    (no ring)
                     (no ring)

%: no passive effects
@: no status effects
A: almost no armour, amphibious, 8 rings, camouflage 1, gelatinous body 1,
(nimble swimmer 1), tentacles
a: no special abilities


You were on level 1 of the Dungeon.
You visited 1 branch of the dungeon, and saw 1 of its levels.

Inventory:

Hand Weapons
 a - a +1 sling (weapon)
Scrolls
 b - a scroll of poison


   Skills:
 - Level 1.0 Fighting
 + Level 2.1 Ranged Weapons
 - Level 2.0 Dodging
 - Level 1.0 Spellcasting
 - Level 3.0 Hexes


You had one spell level left.
You knew the following spells:

 Your Spells              Type           Power      Damage    Failure   Level
a - Slow                  Hex            36%        N/A       7%          1

Your spell library contained the following spells:

 Spells                   Type           Power      Damage    Failure   Level
 Inner Flame              Hex/Fire       5%         N/A       36%         3
 Portal Projectile        Hex/Tloc       10%        N/A       36%         3
 Cause Fear               Hex            4%         N/A       56%         4


Dungeon Overview and Level Annotations

Branches:
Dungeon (1/15)

Altars:


Innate Abilities, Weirdness & Mutations

You cannot wear most types of armour.
You are amphibious.
You can wear up to eight rings at the same time.
Your skin changes colour to match your surroundings (Stealth+).
Your rubbery body absorbs attacks. (AC +1, EV +1)
((You are camouflaged when in or above water. (Stealth+)))
You have tentacles for arms and can constrict up to eight enemies at once.


Message History

The frilled lizard is heavily wounded.
A nearby plant withers and dies. x2; The hobgoblin hits the plant.
The frilled lizard bites you. x2
* * * LOW HITPOINT WARNING * * *
The frilled lizard misses you.
The hobgoblin hits the plant.
The frilled lizard misses you.
You are too injured to fight recklessly!
Aiming: Slow (safe; 7% risk of failure)
Press: ? - help, Q - select action, (/) - cycle Shift-Dir - straight line, f/p - frilled lizard
Aim: a frilled lizard (heavily wounded, chance to affect: 61%)
The frilled lizard seems to slow down.
A nearby plant withers and dies.
The frilled lizard misses you.
The hobgoblin hits the plant.
Aiming: Slow (safe; 7% risk of failure)
Press: ? - help, Q - select action, (/) - cycle Shift-Dir - straight line, f/p - frilled lizard
Aim: a frilled lizard (heavily wounded, slow, chance to affect: 61%)
The frilled lizard resists with significant effort.
A nearby plant withers and dies. x3
The frilled lizard bites you but does no damage.
The frilled lizard closely misses you.
Fire: a) +1 sling
Press: ? - help, Q - select action, (/) - cycle Shift-Dir - straight line, f/p - frilled lizard
Aim: a frilled lizard (heavily wounded, slow, 38% to hit)
You shoot a sling bullet.
The sling bullet closely misses the frilled lizard.
The sling bullet hits the plant.
The plant begins to die.
The plant is lightly damaged.
The frilled lizard closely misses you.
The hobgoblin hits the plant.
The plant begins to die.
The frilled lizard bites you.
* * * LOW HITPOINT WARNING * * *
The quokka barely misses you.
Fire: a) +1 sling
Press: ? - help, Q - select action, (/) - cycle Shift-Dir - straight line, f/p - frilled lizard
Aim: a frilled lizard (heavily wounded, slow, 38% to hit)
You shoot a sling bullet.
The sling bullet hits the frilled lizard.
You kill the frilled lizard!
The quokka bites you but does no damage.
The frilled lizard bites you.
You die... #. #PP.PP.PP.PP.PP.P #.##.P.P.PP.P.PP.P.P #.....P.P.PPP.P.P.P #.##...P.PP.P.PP.P.P #. #.P.PP.PP.PP.PP. . #PPP.PP.PP..PP.P #PPP..P....P.P.P #PPPP.rP†PPP..PP #P..PPP@l....PPP #....PPPP.PPPPPP

#.###g##..######
#. #....## ..
####.# ## #.#
#.# #.#


You could see a quokka, a hobgoblin and a frilled lizard.

Vanquished Creatures
  A hobgoblin (D:1)
  A frilled lizard (D:1)
2 creatures vanquished.

Notes
Turn   | Place    | Note
-------+----------+-------------------------------------------
     0 | D:1      | mopl the Octopode Hexslinger began the quest for the Orb.
     0 | D:1      | Reached XP level 1. HP: 13/13 MP: 2/2
    28 | D:1      | Slain by a frilled lizard

Illustrated notes

Levels and vault maps discovered:
D:1:      roderic_crop_circles_arrival_small, layout_loops_ring, minivault_19

Action                     || total
---------------------------++-------
   Fire: Sling             ||     9
   Cast: Slow              ||     2
 Armour: Skin              ||     2
  Dodge: Dodged            ||     9

Table legend: (Time is in decaauts)
 A = Elapsed time spent in this place.
 B = Non-inter-level travel time spent in this place.
 C = Inter-level travel time spent in this place.
 D = Time resting spent in this place.
 E = Time spent auto-exploring this place.
 F = Levels seen in this place.
 G = Mean time per level.
                   A        B        C        D        E       F      G
               +--------+--------+--------+--------+--------+-----+--------+
         Total |     30 |     30 |      0 |      0 |      4 |   1 |   30.0 |
       Dungeon |     30 |     30 |      0 |      0 |      4 |   1 |   30.0 |
               +--------+--------+--------+--------+--------+-----+--------+

Top non-repeatable levels by time:
     D:1: 30 daAuts
